 Dungeon Crawl Stone Soup version 0.32-a0-136-gc02482bde3 (webtiles) character file.

Game seed: 16326284862299518455

23 CougarLife the Caller (level 3, 0/24 HPs)
             Began as a Merfolk Summoner on Feb 10, 2024.
             Slain by an adder (4 damage)
             ... on level 2 of the Dungeon.
             The game lasted 00:01:53 (999 turns).

CougarLife the Caller (Merfolk Summoner)             Turns: 999, Time: 00:01:54

Health: 0/24       AC:  2    Str:  8    XL:     3   Next: 0%
Magic:  0/6        EV: 12    Int: 16    God:
Gold:   52         SH:  0    Dex: 14    Spells: 4/7 levels left

rFire   . . .        f - +0 dagger
rCold   . . .        (no shield)
rNeg    . . .        a - +0 robe
rPois   .            (no helmet)
rElec   .            (no cloak)
rCorr   .            (no gloves)
SInv    .            (no boots)
Will    .....        (no amulet)
Stlth   ++           (no ring)
HPRegen 0.24/turn    (no ring)
MPRegen 0.10/turn

%: no passive effects
@: no status effects
A: (nimble swimmer 2), mertail
a: no special abilities


You were on level 2 of the Dungeon.
You visited 1 branch of the dungeon, and saw 2 of its levels.

You collected 52 gold pieces.

Inventory:

Hand Weapons
 f - a +0 dagger (weapon)
Armour
 a - a +0 robe (worn)
Scrolls
 d - a scroll of teleportation {unknown}
 e - a scroll of blinking {unknown}
 g - a scroll of identify {unknown}
 i - a scroll of butterflies {unknown}
Potions
 b - a potion of magic
 c - a potion of heal wounds {unknown}
 h - a potion of mutation {unknown}


   Skills:
 - Level 2.6 Dodging
 - Level 2.1 Stealth
 + Level 2.6 Spellcasting
 + Level 4.4 Summonings


You had 4 spell levels left.
You knew the following spells:

 Your Spells              Type           Power      Damage    Failure   Level
a - Summon Small Mammal   Summ           64%        N/A       3%          1
b - Call Imp              Summ           32%        N/A       4%          2

Your spell library contained the following spells:

 Spells                   Type           Power      Damage    Failure   Level
 Call Canine Familiar     Summ           16%        N/A       10%         3
 Static Discharge         Conj/Air       4%         3-4/arc   30%         2
 Sublimation of Blood     Necr           2%         N/A       30%         2
 Summon Blazeheart Golem  Fire/Summ      9%         N/A       61%         4
 Summon Lightning Spire   Summ/Air       9%         N/A       61%         4
 Airstrike                Air            1%         2d(1-17)  89%         4
 Summon Hydra             Summ           8%         N/A       100%        7


Dungeon Overview and Level Annotations

Branches:
Dungeon (2/15)

Altars:

Annotations:
D:2 Natasha


Innate Abilities, Weirdness & Mutations

((You are very nimble when in or above water. (Stealth+, EV+, Speed+++)))
Your lower body shifts to a powerful aquatic tail in water.


Message History

Natasha stares at you and mumbles some strange words.
The magic dart hits you!
* * * LOW HITPOINT WARNING * * *
Your rat bites the cerulean imp but does no damage.
You swap places.
A frilled lizard comes into view.
Your bat barely misses Natasha.
Natasha misses your bat.
Your rat completely misses the cerulean imp.
A rat comes into view.
Found a viscous golden potion.
Your bat hits Natasha but does no damage.
Natasha claws your bat!
Your bat dies!
Your bat's corpse disappears in a puff of smoke!
Your rat closely misses the cerulean imp.
Your rat bites the cerulean imp.
Found a scroll labelled HIUKONENUY.
You see here a viscous golden potion.
A giant cockroach comes into view.
An adder comes into view.
The adder barely misses you. x2
The adder closely misses you. The adder bites you.
* * * LOW HITPOINT WARNING * * *
You are poisoned.
The adder poisons you!
You feel sick.
You feel sick.
You feel sick. The adder barely misses you.
Casting: Summon Small Mammal (safe; 3% risk of failure)
Confirm with . or Enter, or press ? or * to list all spells.
A tiny devil pulls itself out of the air.
You feel sick.
You are no longer poisoned.
The adder misses you.
Your cerulean imp hits the adder from afar with a -3 spear.
Casting: Call Imp (safe; 4% risk of failure)
Confirm with . or Enter, or press ? or * to list all spells.
The adder bites you.
You die...

#......###...........
#.......##...........
##.....####.....#h###
##...## ##...##.#
##.##### ######.#
#.5...# #.# #.###.#
#h# #S# #.########5#
#@# #.....[r†r.# #b#
#.####.##### #.# #.
..# ## ... #..P #PP.
#.P.#


You could see an adder (ally target), a friendly cerulean imp (summoned) and a
friendly bat (summoned).

Vanquished Creatures
  An endoplasm (D:1)
  A giant cockroach (D:1)
  A quokka (D:1)
  A ball python (D:1)
  2 goblins (D:1)
6 creatures vanquished.

Vanquished Creatures (collateral kills)
  A dart slug (D:1)
  2 bats (D:1)
  3 endoplasms (D:1)
  2 kobolds (D:1)
  2 quokkas (D:1)
  2 frilled lizards
  2 rats (D:1)
14 creatures vanquished.

Grand Total: 20 creatures vanquished

Notes
Turn   | Place    | Note
-------+----------+-------------------------------------------
     0 | D:1      | CougarLife the Merfolk Summoner began the quest for the
                  | Orb.
     0 | D:1      | Reached XP level 1. HP: 13/13 MP: 3/3
   132 | D:1      | Reached XP level 2. HP: 19/19 MP: 3/5
   197 | D:1      | Learned a level 2 spell: Call Imp
   952 | D:2      | Noticed Natasha
   965 | D:2      | Reached XP level 3. HP: 15/24 MP: 1/6
   999 | D:2      | Slain by an adder

Illustrated notes

Levels and vault maps discovered:
D:1:      nicolae_arrival_memento_mori, layout_loops_cross
D:2:      layout_loops_ring, shapermc_ecumenical_altar_mp_ritualfount,
          uniq_natasha

Action                     || total
---------------------------++-------
  Melee: Unarmed           ||    32
         Punch             ||     3
         Dagger            ||    18
   Cast: Summon Small Mamm ||    18
         Call Imp          ||     9
   Stab: Sleeping          ||     2
 Armour: Robe              ||    35
  Dodge: Dodged            ||    49

Table legend: (Time is in decaauts)
 A = Elapsed time spent in this place.
 B = Non-inter-level travel time spent in this place.
 C = Inter-level travel time spent in this place.
 D = Time resting spent in this place.
 E = Time spent auto-exploring this place.
 F = Levels seen in this place.
 G = Mean time per level.
                   A        B        C        D        E       F      G
               +--------+--------+--------+--------+--------+-----+--------+
         Total |    998 |    980 |     18 |    117 |    616 |   2 |  499.0 |
       Dungeon |    998 |    980 |     18 |    117 |    616 |   2 |  499.0 |
               +--------+--------+--------+--------+--------+-----+--------+

Top non-repeatable levels by time:
     D:1: 951 daAuts
     D:2: 46 daAuts
